 Dungeon Crawl Stone Soup version 0.24-a0-194-g9bee6eb (console) character file.

Game seed: 9436660269301603790

119 Voker57 the Slasher (level 4, 0/35 HPs)
             Began as a Demonspawn Gladiator on Mar 18, 2019.
             Succumbed to an orc's poison
             ... on level 3 of the Dungeon.
             The game lasted 00:02:15 (2780 turns).

Voker57 the Slasher (Demonspawn Gladiator)          Turns: 2780, Time: 00:02:16

Health: 0/35       AC:  3    Str: 14    XL:     4   Next: 73%
Magic:  4/4        EV: 13    Int: 10    God:
Gold:   111        SH:  0    Dex: 15    Spells: 3/3 levels left

rFire    + . .     SeeInvis .   a - +0 long sword
rCold    . . .     Gourm    .   (no shield)
rNeg     . . .     Faith    .   l - +0 leather armour
rPois    .         Spirit   .   (helmet restricted)
rElec    .         Reflect  .   (no cloak)
rCorr    .         Harm     .   (no gloves)
MR       .....                  (no boots)
Stlth    +.........             (no amulet)
HPRegen  0.11/turn              (no ring)
MPRegen  0.09/turn              (no ring)

@: lethally poisoned (0 -> -23), flying
A: antennae 1, fire resistance 1, spiny 1
a: no special abilities


You were on level 3 of the Dungeon.
You were hungry.

You visited 1 branch of the dungeon, and saw 3 of its levels.

You collected 111 gold pieces.

Inventory:

Hand Weapons
 a - a +0 long sword (weapon)
 b - a +0 dagger of venom
Missiles
 d - 2 throwing nets (quivered)
Armour
 c - a +0 helmet
 l - a +0 leather armour (worn)
Scrolls
 e - 6 scrolls of identify {unknown}
 g - a scroll of immolation {unknown}
 h - a scroll of fear {unknown}
 j - a scroll of magic mapping {unknown}
 k - a scroll of teleportation {unknown}
Potions
 i - a potion of might
 m - a potion of flight
Comestibles
 f - 7 rations


   Skills:
 + Level 3.0 Fighting
 * Level 4.0 Long Blades
 - Level 1.7 Throwing
 + Level 3.4 Dodging


You had 3 spell levels left.
You didn't know any spells.
Your spell library was empty.

Dungeon Overview and Level Annotations

Branches:
Dungeon (3/15)

Altars:
Elyvilon
Gozag
Okawaru
Sif Muna
Vehumet


Innate Abilities, Weirdness & Mutations

You have a pair of small antennae on your head.
Your flesh is heat resistant. (rF+)
You are partially covered in sharp spines.


Message History

Things that are here:
a +0 dagger of venom; a +0 leather armour It was a potion of flight.
You feel very buoyant.
You fly up into the air.
* * * LOW HITPOINT WARNING * * *
You feel sick.
There is a lethal amount of poison in your body!
There is a lethal amount of poison in your body!
There is a lethal amount of poison in your body!
Your +0 dagger of venom stops dripping with poison.
a - a +0 long sword (weapon)
* * * LOW HITPOINT WARNING * * *
You feel sick.
* * * LOW HITPOINT WARNING * * *
You feel sick.
You see here a +0 club.
There is a lethal amount of poison in your body!
There is a lethal amount of poison in your body!
You die...

..............
)......#.#####
.....###...####### .##
............##...##..####
............##...#.......
............##..%#.......
............++...+.......
............##...#.......
............#....#.......
................@).......
.....######._..._).......
###### #...............
#....8..........
#.........####..
#....)...## . #...._...#
#........# #........#
#........#


There were no monsters in sight!

Vanquished Creatures
  A gnoll (D:1)
  3 adders
  An ooze (D:1)
  A worm (D:2)
  5 dart slugs
  4 leopard geckos
  An orc (D:3)
  5 bats
  A giant cockroach (D:2)
  7 goblins
  8 hobgoblins
  3 jackals (D:1)
  6 kobolds
  A quokka (D:3)
  2 ball pythons (D:2)
  3 frilled lizards
  6 rats
58 creatures vanquished.

Notes
Turn   | Place    | Note
-------+----------+-------------------------------------------
     0 | D:1      | Voker57 the Demonspawn Gladiator began the quest for the
                  | Orb.
     0 | D:1      | Reached XP level 1. HP: 16/16 MP: 1/1
   208 | D:1      | Reached skill level 3 in Long Blades
   208 | D:1      | Gained mutation: You have a pair of small antennae on your
                  | head. [demonic ancestry]
   208 | D:1      | Reached XP level 2. HP: 19/22 MP: 2/2
   286 | D:1      | Gained mutation: Your flesh is heat resistant. (rF+)
                  | [demonic ancestry]
   286 | D:1      | Reached XP level 3. HP: 4/28 MP: 3/3
  1246 | D:2      | Gained mutation: You are partially covered in sharp spines.
                  | [demonic ancestry]
  1246 | D:2      | Reached XP level 4. HP: 6/34 MP: 4/4
  1576 | D:2      | Found a white marble altar of Elyvilon.
  2476 | D:3      | Reached skill level 4 in Long Blades
  2674 | D:3      | Found an opulent altar of Gozag.
  2744 | D:3      | Found an iron altar of Okawaru.
  2748 | D:3      | Found a radiant altar of Vehumet.
  2749 | D:3      | Found a deep blue altar of Sif Muna.
  2780 | D:3      | Succumbed to an orc's poison

Levels and vault maps discovered:
D:1:      minmay_arrival_wavy_path, layout_basic, corexii_corridor_pit
D:2:      layout_basic, nicolae_overflow_crystal_walls, first_ration
D:3:      layout_basic, old_standard_altar, tgw_xom, grunt_temple_overflow_open,
          minmay_fractal_squares_gapless_5

Skill      XL: |  1  2  3  4 |
---------------+-------------+-----
Long Blades    | 3 4 |  4.0
Dodging        | 3 |  3.4
Fighting       | 3 |  3.0
Throwing       | |  1.7

Action                   |  1- 3 |  4- 6 || total
-------------------------+-------+-------++-------
Melee: Long sword        |    98 |    37 ||   135
       Dagger            |       |    11 ||    11
Throw: Throwing net      |     1 |       ||     1
  Use: Potion            |     2 |     1 ||     3
 Stab: Sleeping          |     1 |     1 ||     2
       Held in net/web   |     1 |       ||     1
  Eat: Chunk             |     1 |     4 ||     5
Armor: Leather armour    |    28 |     6 ||    34
Dodge: Dodged            |    94 |    24 ||   118
       Rpst.: Long sword |    18 |     4 ||    22

Table legend:
 A = Non-vault XP
 B = Vault XP
 C = Vault XP percentage of total XP
 D = Non-vault monster count
 E = Vault monster count
 F = Vault count percentage of total count
                 A         B        C        D         E       F
            +---------+---------+-------+---------+---------+-------
      Total |     170 |       0 |   0.0 |      58 |       0 |   0.0
            +---------+---------+-------+---------+---------+-------
        D:1 |      76 |       0 |   0.0 |      28 |       0 |   0.0
        D:2 |      67 |       0 |   0.0 |      23 |       0 |   0.0
        D:3 |      27 |       0 |   0.0 |       7 |       0 |   0.0
            +---------+---------+-------+---------+---------+-------
